| TOP OF THE 1ST |
|
Toledo Mud Hens batting - Pitching for Tacoma Rainiers : RHP Chris Gilbo
|
|
Pitching: RHP Chris Gilbo
|
|
|
Batting: SHB Adam Weber
|
0-0: Foul Ball, location: 2F 0-1: Fly out, F8 (Line Drive, 8LM, EV 94.4 MPH)
|
|
Batting: RHB J.J. Basil
|
0-0: Foul Ball, location: 2F 0-1: Called Strike 0-2: Ball 1-2: Foul Ball, location: 2F 1-2: Ball 2-2: Ground out 6-3 (Groundball, 56D, EV 101.9 MPH)
|
|
Batting: LHB Conrad Taylor
|
0-0: Ball 1-0: Ball 2-0: Ball 3-0: Called Strike 3-1: Ground out 3-1 (Groundball, 34, EV 105.0 MPH)
|
| Top of the 1st over - 0 runs, 0 hits, 0 errors, 0 left on base; Toledo 0 - Tacoma 0 |
| BOTTOM OF THE 1ST |
|
Tacoma Rainiers batting - Pitching for Toledo Mud Hens : RHP Andy Miller
|
|
Pitching: RHP Andy Miller
|
|
|
Batting: LHB Caleb Domino
|
0-0: Ball 1-0: Ball 2-0: Ball 3-0: Base on Balls
|
|
Batting: RHB Brad Robidas
|
0-0: Ball Caleb Domino steals 2nd base 1-0: Ball 2-0: Ball 3-0: Called Strike 3-1: Fly out, F9 (Flyball, 9LS, EV 91.9 MPH)
|
|
Batting: RHB Harutomi Matsubara
|
0-0: Ball 1-0: Ball 2-0: Called Strike 2-1: Swinging Strike 2-2: Strikes out swinging
|
|
Batting: LHB Ryan Lowe
|
0-0: Called Strike 0-1: Swinging Strike 0-2: Strikes out swinging
|
| Bottom of the 1st over - 0 runs, 0 hits, 0 errors, 1 left on base; Toledo 0 - Tacoma 0 |
| TOP OF THE 2ND |
|
Toledo Mud Hens batting - Pitching for Tacoma Rainiers : RHP Chris Gilbo
|
|
Batting: LHB Tyler Davis
|
0-0: Ground out 4-3 (Groundball, 34D, EV 103.8 MPH)
|
|
Batting: SHB Andy Vivas
|
0-0: Ball 1-0: Reached on error, E5 (Groundball, 56, EV 78.8 MPH)
|
|
Batting: LHB Frank McConnell
|
0-0: Called Strike 0-1: Ball 1-1: Called Strike 1-2: Ball 2-2: Foul Ball, location: 2F 2-2: Foul Ball, location: 2F 2-2: Ball 3-2: TRIPLE (Flyball, 89XD, EV 94.4 MPH) Andy Vivas scores
|
|
Batting: SHB Ross Holland
|
0-0: Called Strike 0-1: Ball 1-1: SINGLE (Groundball, 4M, EV 94.4 MPH) (infield hit) Frank McConnell scores
|
|
Batting: RHB Dan Becvar
|
0-0: Called Strike 0-1: Called Strike 0-2: Strikes out looking
|
|
Batting: RHB Joel Miller
|
0-0: Ball 1-0: Swinging Strike 1-1: Called Strike 1-2: Ball 2-2: Ball 3-2: SINGLE (Groundball, 3D, EV 95.0 MPH) Ross Holland to second Ross Holland to third
|
|
Batting: SHB Adam Weber
|
0-0: Called Strike 0-1: Foul Ball, location: 2F 0-2: Ground out 4-3 (Groundball, 4, EV 82.5 MPH)
|
| Top of the 2nd over - 2 runs, 3 hits, 1 error, 2 left on base; Toledo 2 - Tacoma 0 |
| BOTTOM OF THE 2ND |
|
Tacoma Rainiers batting - Pitching for Toledo Mud Hens : RHP Andy Miller
|
|
Batting: RHB Tony Vargas
|
0-0: Called Strike 0-1: Ball 1-1: Ball 2-1: Ball 3-1: Foul Ball, location: 2F 3-2: Base on Balls
|
|
Batting: RHB Rick Ellis
|
0-0: Ball Tony Vargas steals 2nd base 1-0: Ball 2-0: Swinging Strike 2-1: Foul Ball, location: 2F 2-2: Strikes out swinging
|
|
Batting: RHB Kevin Chafe
|
0-0: Ball 1-0: Foul Ball, location: 2F 1-1: Called Strike Tony Vargas steals 3rd base 1-2: Strikes out looking
|
|
Batting: LHB Ignacio Bernal
|
0-0: Ground out 4-3 (Groundball, 4S, EV 88.1 MPH)
|
| Bottom of the 2nd over - 0 runs, 0 hits, 0 errors, 1 left on base; Toledo 2 - Tacoma 0 |
| TOP OF THE 3RD |
|
Toledo Mud Hens batting - Pitching for Tacoma Rainiers : RHP Chris Gilbo
|
|
Batting: RHB J.J. Basil
|
0-0: Ball 1-0: Ball 2-0: Foul Ball, location: 2F 2-1: Ground out 4-3 (Groundball, 4M, EV 87.5 MPH)
|
|
Batting: LHB Conrad Taylor
|
0-0: Called Strike 0-1: Ball 1-1: Swinging Strike 1-2: Ball 2-2: Ball 3-2: SOLO HOME RUN (Flyball, 9D, EV 98.1 MPH), Distance : 396 ft
|
|
Batting: LHB Tyler Davis
|
0-0: Ball 1-0: Ball 2-0: Called Strike 2-1: Foul Ball, location: 2F 2-2: Ball 3-2: Strikes out looking
|
|
Batting: SHB Andy Vivas
|
0-0: Ball 1-0: Ball 2-0: Called Strike 2-1: Ball 3-1: Fly out, F7 (Line Drive, 7LS, EV 98.1 MPH)
|
| Top of the 3rd over - 1 run, 1 hit, 0 errors, 0 left on base; Toledo 3 - Tacoma 0 |
| BOTTOM OF THE 3RD |
|
Tacoma Rainiers batting - Pitching for Toledo Mud Hens : RHP Andy Miller
|
|
Batting: RHB David Aguilar
|
0-0: Ball 1-0: SINGLE (Groundball, 34D, EV 94.4 MPH)
|
|
Batting: LHB Caleb Domino
|
0-0: Foul Ball, location: 2F 0-1: Ball 1-1: Ball David Aguilar steals 2nd base 2-1: Ball 3-1: Base on Balls
|
|
Batting: RHB Brad Robidas
|
0-0: Ball 1-0: Called Strike 1-1: Called Strike 1-2: Ball 2-2: SINGLE (Groundball, 56D, EV 93.1 MPH) (infield hit) David Aguilar to third Caleb Domino to second
|
|
Batting: RHB Harutomi Matsubara
|
0-0: Ball 1-0: Ball 2-0: Ball 3-0: Called Strike 3-1: Called Strike 3-2: Base on Balls David Aguilar scores Caleb Domino to third Brad Robidas to second
|
|
Batting: LHB Ryan Lowe
|
0-0: Ball 1-0: Fly out, F7 (Flyball, 7, EV 84.4 MPH)
|
|
Batting: RHB Tony Vargas
|
0-0: Foul Ball, location: 2F 0-1: Called Strike 0-2: Ball 1-2: Foul Ball, location: 2F 1-2: Strikes out swinging
|
|
Batting: RHB Rick Ellis
|
0-0: Ball 1-0: Foul Ball, location: 2F 1-1: DOUBLE (Line Drive, 9LM, EV 101.2 MPH) Caleb Domino scores Brad Robidas scores Harutomi Matsubara to third Runner from 3rd tries for Home, SAFE, throw by RF to home
|
|
Batting: RHB Kevin Chafe
|
0-0: Called Strike 0-1: SINGLE (Groundball, 6MD, EV 106.2 MPH) Rick Ellis to third Runner from 3rd tries for Home, SAFE, throw by CF to home Kevin Chafe to second
|
|
Pitching: RHP Bryan Hallman
|
|
|
Batting: LHB Ignacio Bernal
|
0-0: Ball 1-0: Ball 2-0: Ball 3-0: Called Strike 3-1: Fly out, F7 (Flyball, 7, EV 90.0 MPH)
|
| Bottom of the 3rd over - 5 runs, 4 hits, 0 errors, 1 left on base; Toledo 3 - Tacoma 5 |
| TOP OF THE 4TH |
|
Toledo Mud Hens batting - Pitching for Tacoma Rainiers : RHP Chris Gilbo
|
|
Batting: LHB Frank McConnell
|
0-0: SINGLE (Groundball, 6MD, EV 95.6 MPH)
|
|
Batting: SHB Ross Holland
|
0-0: Ball 1-0: DOUBLE (Flyball, 78XD, EV 104.4 MPH) Frank McConnell to third
|
|
Batting: RHB Dan Becvar
|
0-0: Ball 1-0: Foul Ball, location: 2F 1-1: Ball 2-1: Foul Ball, location: 2F 2-2: Ground out 6-3 (Groundball, 6, EV 88.8 MPH) Frank McConnell scores Ross Holland to third
|
|
Batting: RHB Joel Miller
|
0-0: Ball 1-0: Called Strike 1-1: Foul Ball, location: 2F 1-2: Foul Ball, location: 2F 1-2: Strikes out swinging
|
|
Batting: SHB Adam Weber
|
0-0: Fly out, F9 (Line Drive, 9S, EV 95.0 MPH)
|
| Top of the 4th over - 1 run, 2 hits, 0 errors, 1 left on base; Toledo 4 - Tacoma 5 |
| BOTTOM OF THE 4TH |
|
Tacoma Rainiers batting - Pitching for Toledo Mud Hens : RHP Bryan Hallman
|
|
Batting: RHB David Aguilar
|
0-0: SINGLE (Line Drive, 34, EV 93.8 MPH)
|
|
Batting: LHB Caleb Domino
|
0-0: Swinging Strike 0-1: Ball 1-1: SINGLE (Groundball, 34D, EV 101.9 MPH) David Aguilar to second Runner from 2nd tries for 3rd, SAFE, throw by RF made to third
|
|
Batting: RHB Brad Robidas
|
0-0: Ball 1-0: Swinging Strike 1-1: Fielders Choice at 2nd, 4-6 (Groundball, 4S, EV 83.1 MPH) David Aguilar scores
|
|
Batting: RHB Harutomi Matsubara
|
0-0: Foul Ball, location: 2F 0-1: Called Strike 0-2: Ball 1-2: Strikes out swinging
|
|
Batting: LHB Ryan Lowe
|
0-0: Called Strike Brad Robidas steals 2nd base (no throw) 0-1: Ball 1-1: Ground out 6-3 (Groundball, 6, EV 81.2 MPH)
|
| Bottom of the 4th over - 1 run, 2 hits, 0 errors, 1 left on base; Toledo 4 - Tacoma 6 |
| TOP OF THE 5TH |
|
Toledo Mud Hens batting - Pitching for Tacoma Rainiers : RHP Chris Gilbo
|
|
Batting: RHB J.J. Basil
|
0-0: Swinging Strike 0-1: Fly out, F8 (Flyball, 8RXD, EV 83.1 MPH)
|
|
Batting: LHB Conrad Taylor
|
0-0: Foul Ball, location: 2F 0-1: Ball 1-1: Ground out 6-3 (Groundball, 6, EV 86.2 MPH)
|
|
Batting: LHB Tyler Davis
|
0-0: Ball 1-0: Foul Ball, location: 2F 1-1: Called Strike 1-2: Ball 2-2: Fly out, F8 (Flyball, 89S, EV 88.8 MPH)
|
| Top of the 5th over - 0 runs, 0 hits, 0 errors, 0 left on base; Toledo 4 - Tacoma 6 |
| BOTTOM OF THE 5TH |
|
Tacoma Rainiers batting - Pitching for Toledo Mud Hens : RHP Bryan Hallman
|
|
Batting: RHB Tony Vargas
|
0-0: Called Strike 0-1: Ground out 6-3 (Groundball, 6, EV 87.5 MPH)
|
|
Batting: RHB Rick Ellis
|
0-0: Ground out 6-3 (Groundball, 6, EV 101.2 MPH)
|
|
Batting: RHB Kevin Chafe
|
0-0: Called Strike 0-1: Fly out, F4 (Popup, 4M, EV 49.4 MPH)
|
| Bottom of the 5th over - 0 runs, 0 hits, 0 errors, 0 left on base; Toledo 4 - Tacoma 6 |
| TOP OF THE 6TH |
|
Toledo Mud Hens batting - Pitching for Tacoma Rainiers : RHP Chris Gilbo
|
|
Batting: SHB Andy Vivas
|
0-0: Called Strike 0-1: Foul Ball, location: 2F 0-2: Foul Ball, location: 2F 0-2: Foul Ball, location: 2F 0-2: Foul Ball, location: 2F 0-2: SINGLE (Line Drive, 8LS, EV 106.2 MPH)
|
|
Batting: LHB Frank McConnell
|
0-0: Ball 1-0: Called Strike 1-1: Swinging Strike 1-2: Strikes out swinging
|
|
Batting: SHB Ross Holland
|
0-0: Ball 1-0: Swinging Strike 1-1: Ball 2-1: Swinging Strike 2-2: Strikes out looking
|
|
Batting: RHB Dan Becvar
|
0-0: Ball 1-0: Fielders Choice at 2nd, 5-4 (Groundball, 5L, EV 95.6 MPH)
|
| Top of the 6th over - 0 runs, 1 hit, 0 errors, 1 left on base; Toledo 4 - Tacoma 6 |
| BOTTOM OF THE 6TH |
|
Tacoma Rainiers batting - Pitching for Toledo Mud Hens : RHP Bryan Hallman
|
|
Batting: LHB Ignacio Bernal
|
0-0: Ball 1-0: Swinging Strike 1-1: Ball 2-1: Ball 3-1: Foul Ball, location: 2F 3-2: Base on Balls
|
|
Batting: RHB David Aguilar
|
0-0: Ground out U3 (Groundball, 34, EV 84.4 MPH) Ignacio Bernal to second
|
|
Batting: LHB Caleb Domino
|
0-0: Ball 1-0: Called Strike 1-1: Ball 2-1: Swinging Strike 2-2: Ball 3-2: DOUBLE (Flyball, 8RXD, EV 98.8 MPH) Ignacio Bernal scores
|
|
Batting: RHB Brad Robidas
|
0-0: Fly out, F7 (Flyball, 7LM, EV 90.0 MPH)
|
|
Batting: RHB Harutomi Matsubara
|
0-0: Called Strike 0-1: Ball 1-1: Ball 2-1: SINGLE (Groundball, 56D, EV 93.8 MPH) Caleb Domino to third Runner from 3rd tries for Home, SAFE, throw by LF to home
|
|
Pitching: RHP Gordie Pierson
|
|
|
Batting: LHB Ryan Lowe
|
0-0: Called Strike Harutomi Matsubara steals 2nd base 0-1: Foul Ball, location: 2F 0-2: Ball 1-2: Strikes out looking
|
| Bottom of the 6th over - 2 runs, 2 hits, 0 errors, 1 left on base; Toledo 4 - Tacoma 8 |
| TOP OF THE 7TH |
|
Toledo Mud Hens batting - Pitching for Tacoma Rainiers : RHP Chris Gilbo
|
|
Pitching: RHP T.J. Stahlman
|
|
|
Batting: RHB Joel Miller
|
0-0: Swinging Strike 0-1: Ball 1-1: Called Strike 1-2: Ball 2-2: Strikes out swinging
|
|
Batting: SHB Adam Weber
|
0-0: Called Strike 0-1: Ball 1-1: Ball 2-1: Ground out U3 (Groundball, 3L, EV 85.0 MPH)
|
|
Batting: RHB J.J. Basil
|
0-0: Ball 1-0: Ball 2-0: Ball 3-0: Base on Balls
|
|
Batting: LHB Conrad Taylor
|
0-0: Ball J.J. Basil is caught stealing 2nd base 2-6
|
| Top of the 7th over - 0 runs, 0 hits, 0 errors, 0 left on base; Toledo 4 - Tacoma 8 |
| BOTTOM OF THE 7TH |
|
Tacoma Rainiers batting - Pitching for Toledo Mud Hens : RHP Gordie Pierson
|
|
Batting: RHB Tony Vargas
|
0-0: Ball 1-0: Ball 2-0: Fly out, F9 (Line Drive, 89S, EV 93.1 MPH)
|
|
Batting: RHB Rick Ellis
|
0-0: Called Strike 0-1: Swinging Strike 0-2: Strikes out swinging
|
|
Batting: RHB Kevin Chafe
|
0-0: Ball 1-0: Fly out, F6 (Popup, 6, EV 55.0 MPH)
|
| Bottom of the 7th over - 0 runs, 0 hits, 0 errors, 0 left on base; Toledo 4 - Tacoma 8 |
| TOP OF THE 8TH |
|
Toledo Mud Hens batting - Pitching for Tacoma Rainiers : RHP T.J. Stahlman
|
|
Batting: LHB Conrad Taylor
|
0-0: Ball 1-0: SINGLE (Groundball, 4MD, EV 96.2 MPH)
|
|
Batting: LHB Tyler Davis
|
0-0: Foul Ball, location: 2F 0-1: Swinging Strike 0-2: Strikes out swinging
|
|
Batting: SHB Andy Vivas
|
0-0: Called Strike 0-1: Ball 1-1: Fly out, F9 (Line Drive, 9LM, EV 110.0 MPH)
|
|
Batting: LHB Frank McConnell
|
0-0: Ball 1-0: Ball 2-0: Called Strike 2-1: Swinging Strike 2-2: SINGLE (Groundball, 25, EV 68.8 MPH) (infield hit) Conrad Taylor to second
|
|
Batting: SHB Ross Holland
|
0-0: Ball 1-0: Called Strike 1-1: Foul Ball, location: 2F 1-2: Strikes out swinging
|
| Top of the 8th over - 0 runs, 2 hits, 0 errors, 2 left on base; Toledo 4 - Tacoma 8 |
| BOTTOM OF THE 8TH |
|
Tacoma Rainiers batting - Pitching for Toledo Mud Hens : RHP Gordie Pierson
|
|
Batting: LHB Ignacio Bernal
|
0-0: Called Strike 0-1: Ball 1-1: Called Strike 1-2: SINGLE (Line Drive, 78M, EV 108.1 MPH)
|
|
Batting: RHB David Aguilar
|
0-0: Ball Ignacio Bernal steals 2nd base 1-0: Bunted foul 1-1: Bunted foul 1-2: Foul Ball, location: 2F 1-2: Strikes out swinging
|
|
Batting: LHB Caleb Domino
|
0-0: Called Strike 0-1: Foul Ball, location: 2F 0-2: Ball 1-2: Ball 2-2: Strikes out swinging
|
|
Batting: RHB Brad Robidas
|
0-0: Foul Ball, location: 2F 0-1: Ball 1-1: Ball 2-1: Ground out 4-3 (Groundball, 4, EV 90.0 MPH)
|
| Bottom of the 8th over - 0 runs, 1 hit, 0 errors, 1 left on base; Toledo 4 - Tacoma 8 |
| TOP OF THE 9TH |
|
Toledo Mud Hens batting - Pitching for Tacoma Rainiers : RHP T.J. Stahlman
|
|
Pitching: RHP Dave McGee
|
|
|
Batting: RHB Dan Becvar
|
0-0: Ball 1-0: Fly out, F8 (Line Drive, 89M, EV 91.9 MPH)
|
|
Batting: RHB Joel Miller
|
0-0: Ball 1-0: Ball 2-0: SINGLE (Groundball, 34D, EV 100.0 MPH)
|
|
Batting: SHB Adam Weber
|
0-0: Ball 1-0: Swinging Strike 1-1: Ball 2-1: Swinging Strike 2-2: Ball 3-2: Foul Ball, location: 2F 3-2: Foul Ball, location: 2F 3-2: Strikes out looking
|
|
Batting: RHB J.J. Basil
|
0-0: Swinging Strike 0-1: Ball 1-1: Ball 2-1: Fielders Choice at 2nd, 6-4 (Groundball, 6, EV 80.0 MPH)
|
| Top of the 9th over - 0 runs, 1 hit, 0 errors, 1 left on base; Toledo 4 - Tacoma 8 |
|